 Dungeon Crawl Stone Soup version 0.29.1 (webtiles) character file.

Game seed: 7596489582469283882

1414 masschaos23 the Cleaver (level 8, 0/70 HPs)
             Began as a Hill Orc Fighter on Sept 13, 2022.
             Was a Follower of Beogh.
             Slain by a two-headed ogre
             ... wielding a +0 giant club
              (18 damage)
             ... on level 6 of the Dungeon.
             The game lasted 00:18:32 (5528 turns).

masschaos23 the Cleaver (Hill Orc Fighter)          Turns: 5528, Time: 00:18:33

Health: 0/70       AC:  9    Str: 21    XL:     8   Next: 71%
Magic:  0/8        EV: 13    Int: 13    God:    Beogh [*.....]
Gold:   179        SH:  5    Dex: 14    Spells: 7/7 levels left

rFire   . . .      SeeInvis .   G - +8 war axe of the Real Monster {vorpal, Int+5 Dex+4}
rCold   . . .      Faith    .   c - +0 buckler
rNeg    . . .      Spirit   +   b - +0 scale mail
rPois   .          Reflect  .   e - +1 hat
rElec   .          Harm     .   (no cloak)
rCorr   .          Rampage  .   (no gloves)
Will    .....                   s - +0 pair of boots
Stlth   ..........              D - amulet of guardian spirit
HPRegen 0.21/turn               J - +4 ring of evasion
MPRegen 0.11/turn               (no ring)

@: no status effects
A: no striking features
a: Renounce Religion


You were on level 6 of the Dungeon.
You worshipped Beogh.
Beogh was aware of your devotion.
You visited 2 branches of the dungeon, and saw 7 of its levels.

You collected 366 gold pieces.
You spent 187 gold pieces at shops.

Inventory:

Hand Weapons
 a - a +0 war axe
 j - a +2 hand axe of draining
 l - a +0 dagger of holy wrath
 o - a +0 short sword of draining
 w - a +2 sling of flaming
 z - a +2 dagger of venom
 A - a +2 flail of distortion
 G - the +8 war axe of the Real Monster (weapon) {vorpal, Int+5 Dex+4}
   (You bought it in a shop on level 4 of the Dungeon)

   It inflicts extra damage upon your enemies.
   Int:       It affects your intelligence (+5).
   Dex:       It affects your dexterity (+4).
 H - a +4 vorpal flail
Missiles
 p - 2 boomerangs (quivered)
 y - a throwing net
 I - 9 poisoned darts
 K - 3 datura-tipped darts
Armour
 b - a +0 scale mail (worn)
 c - a +0 buckler (worn)
 e - a +1 hat (worn)
 s - a +0 pair of boots (worn)
 u - a +0 helmet
Jewellery
 C - a ring of wizardry
 D - an amulet of guardian spirit (around neck)
 J - a +4 ring of evasion (left hand)
Wands
 B - a wand of polymorph (8)
 F - a wand of roots (9)
Scrolls
 f - a scroll of noise {unknown}
 g - 3 scrolls of teleportation {unknown}
 h - 2 scrolls of magic mapping
 i - 3 scrolls of fear {unknown}
 k - 2 scrolls of blinking {unknown}
 m - 7 scrolls of identify {unknown}
 t - a scroll of enchant weapon {unknown}
 x - a scroll of amnesia {unknown}
 E - a scroll of immolation {unknown}
 L - a scroll of poison {unknown}
Potions
 d - a potion of might
 n - a potion of heal wounds {unknown}
 q - 2 potions of degeneration {unknown}
 r - 2 potions of cancellation {unknown}
 v - 2 potions of curing {unknown}
 M - a potion of brilliance {unknown}


   Skills:
 + Level 5.7 Fighting
 + Level 9.6 Axes
 + Level 3.4 Throwing
 + Level 5.9 Armour
 - Level 0.2 Dodging
 + Level 4.4 Shields


You had 7 spell levels left.
You didn't know any spells.
Your spell library was empty.

Dungeon Overview and Level Annotations

Branches:
Dungeon (6/15)             Temple (1/1) D:6

Altars:
Ashenzari
Cheibriados
Dithmenos
Elyvilon
Fedhas
Gozag
Hepliaklqana
Kikubaaqudgha
Makhleb
Nemelex Xobeh
Okawaru
Ru
Sif Muna
Trog
Uskayaw
Vehumet
Wu Jian
Xom
Yredelemnul
Zin

Shops:
D:4 ([**


Message History

Beogh accepts your kill. The ice beast barely misses you.
You barely miss the ice beast. The ice beast hits you.
The ice beast freezes you!
You barely miss the ice beast. The ice beast closely misses you.
You slice the ice beast!!
The ice beast is almost dead.
The ice beast hits you. The ice beast freezes you.
You closely miss the ice beast.
The ice beast is almost dead.
The ice beast hits you but does no damage.
You barely miss the ice beast.
The ice beast is almost dead.
The ice beast hits you. The ice beast freezes you!
You hit the ice beast.
You kill the ice beast!
Beogh accepts your kill.
You hit the two-headed ogre.
The two-headed ogre hits you with a +0 giant club!
The two-headed ogre closely misses you.
You are too injured to fight recklessly!
You are too injured to fight recklessly!
You are too injured to fight recklessly!
You hit the two-headed ogre but do no damage.
The two-headed ogre is lightly wounded.
You block the two-headed ogre's attack.
The two-headed ogre completely misses you.
You slash the two-headed ogre!
The two-headed ogre is moderately wounded.
You slice the two-headed ogre!!
The two-headed ogre is severely wounded.
The two-headed ogre hits you with a +0 giant club!
* * * LOW HITPOINT WARNING * * *
The two-headed ogre hits you with a +0 giant club.
* * * LOW HITPOINT WARNING * * *
You slash the two-headed ogre!
The two-headed ogre is almost dead.
You block the two-headed ogre's attack.
The two-headed ogre hits you with a +0 giant club!!
You die...

# # ###........... ###
####............. ..#
##................ #.#
###..#.#.#.#.#......
#.## ...................
#..# ....#.......#......
##.##...................
.......#.#...>..@#......
....####.........O.....#
.........#.......#...###
......................#
.........#.#.#.#.#..#.#
...........[.†......# ..
...................... .
.......................
.......................


You could see a two-headed ogre.

Vanquished Creatures
  Edmund (D:5)
  An ice beast (D:6)
  3 ogres
  A centaur (D:5)
  A phantom (D:5)
  3 scorpions
  2 jellies (D:4)
  2 hounds
  An orc priest (D:5)
  2 iguanas
  2 gnoll boudas (D:4)
  An orc wizard (D:5)
  Robin (D:3)
  13 gnolls
  9 adders
  5 worms
  2 dart slugs
  7 orcs
  7 bats
  5 endoplasms
  19 goblins
  9 hobgoblins
  4 quokkas
  8 ball pythons
  4 frilled lizards
  12 kobolds
  3 rats (D:1)
128 creatures vanquished.

Vanquished Creatures (others)
  An orc priest (D:4)
  An orc wizard (D:4)
  2 orcs (D:4)
  9 plants (D:5)
13 creatures vanquished.

Grand Total: 141 creatures vanquished

Notes
Turn   | Place    | Note
-------+----------+-------------------------------------------
     0 | D:1      | masschaos23 the Hill Orc Fighter began the quest for the
                  | Orb.
     0 | D:1      | Reached XP level 1. HP: 19/19 MP: 1/1
   279 | D:1      | Reached XP level 2. HP: 17/27 MP: 2/2
   487 | D:1      | Reached skill level 3 in Axes
   765 | D:1      | Reached XP level 3. HP: 29/33 MP: 3/3
   884 | D:1      | Found a faded altar of an unknown god.
  1643 | D:2      | Reached skill level 4 in Axes
  1653 | D:2      | Reached XP level 4. HP: 40/40 MP: 4/4
  2302 | D:3      | Reached XP level 5. HP: 47/47 MP: 5/5
  2380 | D:3      | Found a sacrificial altar of Ru.
  2380 | D:3      | Found a shadowy altar of Dithmenos.
  2482 | D:3      | Noticed Robin
  2490 | D:3      | Killed Robin
  2491 | D:3      | Reached skill level 5 in Axes
  3250 | D:4      | Noticed an ogre
  3257 | D:4      | Killed an ogre
  3258 | D:4      | Reached skill level 1 in Throwing
  3258 | D:4      | Reached XP level 6. HP: 46/53 MP: 6/6
  3266 | D:4      | Reached skill level 6 in Axes
  3359 | D:4      | Became a worshipper of Beogh the Brigand
  3396 | D:4      | Found Ikotomaept's Antique Weapon Boutique.
  3445 | D:4      | Found Uheelir's Assorted Antiques.
  3460 | D:4      | Found Xukheej's Assorted Antiques.
  3539 | D:4      | Reached XP level 7. HP: 49/60 MP: 7/7
  4150 | D:4      | Reached skill level 5 in Fighting
  4150 | D:4      | Reached skill level 7 in Axes
  4247 | D:4      | Found Qokurium's Armour Shoppe.
  4752 | D:4      | Bought a pitted war axe for 187 gold pieces
  4752 | D:4      | Identified the +8 war axe of the Real Monster {vorpal,
                  | Int+5 Dex+4} (You bought it in a shop on level 4 of the
                  | Dungeon)
  4779 | D:5      | Entered Level 5 of the Dungeon
  4812 | D:5      | Reached skill level 5 in Armour
  4821 | D:5      | Reached * piety under Beogh
  4965 | D:5      | Reached skill level 8 in Axes
  4965 | D:5      | Reached XP level 8. HP: 58/68 MP: 8/8
  5060 | D:5      | Noticed Edmund
  5069 | D:5      | Killed Edmund
  5465 | D:6      | Found a staircase to the Ecumenical Temple.
  5487 | D:6      | Reached skill level 9 in Axes
  5496 | Temple   | Entered the Ecumenical Temple
  5515 | D:6      | Noticed a two-headed ogre
  5528 | D:6      | Slain by a two-headed ogre

Illustrated notes

Levels and vault maps discovered:
D:1:      scummos_arrival_forest, layout_loops_corners,
          ebering_ecumenical_altar_petrified
D:2:      cheibrodos_old_hovel, layout_basic, minivault_11,
          kennysheep_minor_cross, minmay_misc_feat_nine_boxes, chequers_avenue
D:3:      layout_loops_cross, nicolae_overflow_two_pavilions, uniq_robin
D:4:      layout_gridville, serial_shops, nicolae_shop_behind_doors, shop,
          nicolae_shop_trees, nicolae_square_shop, shop
D:5:      layout_cave_pools, guppyfry_early_lair_pool, uniq_edmund
D:6:      layout_rooms, minmay_temple_entry_glass
Temple:   nicolae_temple_no_exploring_needed

Skill      XL: |  1  2  3  4  5  6  7  8 |
---------------+-------------------------+-----
Fighting       | 4 5 |  5.7
Axes           | 3 4 5 6 8 9 |  9.6
Armour         | 4 5 |  5.9
Throwing       | 1 2 3 |  3.4
Shields        | 4 |  4.4
Dodging        | |  0.2

Action                   |  1- 3 |  4- 6 |  7- 9 || total
-------------------------+-------+-------+-------++-------
Melee: War axe           |    32 |       |    76 ||   108
       Hand axe          |    53 |   114 |    28 ||   195
Throw: Boomerang         |    14 |    46 |    22 ||    82
       Dart              |       |       |     1 ||     1
Invok: Convert to Beogh  |       |     1 |       ||     1
  Use: Scroll            |       |     1 |       ||     1
Armor: Scale mail        |    29 |    47 |    35 ||   111
Dodge: Dodged            |    33 |    51 |    45 ||   129
Block: Buckler           |    21 |    22 |    12 ||    55
